 Dungeon Crawl Stone Soup version 0.19-a0-1654-g9d3f708 (webtiles) character file.

466144 inmateoo the Brawler (level 24, -1/105 HPs)
             Began as a Gargoyle Monk on Sept 20, 2016.
             Was the Champion of Cheibriados.
             Killed from afar by an acid blob (2 damage)
             ... with a splash of acid
             ... on level 4 of the Pits of Slime.
             The game lasted 01:33:44 (41029 turns).

inmateoo the Brawler (Gargoyle Monk)               Turns: 41029, Time: 01:33:45

Health: -1/105     AC: 33    Str: 40 (41) XL:     24   Next: 58%
Magic:  39/39      EV: 19    Int: 24      God:    Cheibriados [******]
Gold:   4319       SH: 17    Dex: 25 (27) Spells: 7 memorised, 13 levels left

rFire  + + +     SeeInvis +       - Unarmed
rCold  + + .     Gourm    .     F - +1 plate armour "Vilitz" {*Slow rF+++ Regen+ SInv} (curse)
rNeg   + + .     Faith    .     Y - +0 shield of Tempters {rC+ Regen+ MP+9 Int-5}
rPois  ∞         Spirit   .     S - +1 hat of the Scribe {rElec Regen+ rCorr Stlth-}
rElec  +         Dismiss  .     B - +2 cloak of the Sun {rElec rC+ Regen+ Dex+4}
rCorr  +         Reflect  .     u - +2 pair of gloves {Str+3}
MR     +++..     Harm     .     J - +2 pair of boots
Stlth  .......... Rnd*Rage +    z - amulet of regeneration Rnd*Tele +
                                t - ring of positive energy
                                P - ring of the Mage {Wiz MR++ Int+3}

@: corroded, very slow
A: big wings, horns 1, icy blue scales 2, berserk 1, blurry vision 2, clumsy 2,
deformed body, deterioration 2, dopey 1, frail 3, low mp 2, negative energy
resistance 1, electricity resistance, slow regeneration 1, teleportitis 1, weak
1, unbreathing, evolution 1, petrification resistance, rot immunity, MP-powered
wands, AC +17
a: Fly, Bend Time, Temporal Distortion, Slouch, Step From Time, Renounce
Religion
}: 2/15 runes: decaying, gossamer


You were on level 4 of the Pits of Slime.
You worshipped Cheibriados.
Cheibriados was exalted by your worship.
You were full.

You visited 10 branches of the dungeon, and saw 47 of its levels.
You also visited: Bailey, Ice Cave and Wizlab.

You collected 6470 gold pieces.
You spent 2151 gold pieces at shops.

Inventory:

Missiles
 E - a throwing net (quivered)
Armour
 u - a +2 pair of gloves of strength (worn)
 v - the +1 plate armour "Jazanam" {Int+3}
   (You acquired it on level 3 of the Elven Halls)

   It affects your intelligence (+3).
 B - the +2 cloak of the Sun (worn) {rElec rC+ Regen+ Dex+4}
   (You found it in a wizard's laboratory)

   It affects your dexterity (+4).
   It protects you from cold.
   It insulates you from electricity.
   It increases your rate of regeneration.
 F - the cursed +1 plate armour "Vilitz" (worn) {*Slow rF+++ Regen+ SInv}
   (You bought it in a shop on level 2 of the Orcish Mines)

   It renders you almost immune to fire.
   It lets you see invisible.
   It increases your rate of regeneration.
   It may slow you when you take damage.
   It has a curse placed upon it.
 J - a +2 pair of boots (worn)
 R - the +2 chain mail of New Discoveries {*Drain rC++ Slay+2}
   (You bought it in a shop on level 2 of the Elven Halls)

   It affects your accuracy and damage with ranged weapons and melee attacks
   (+2).
   It greatly protects you from cold.
   It causes draining when unequipped.
 S - the +1 hat of the Scribe (worn) {rElec Regen+ rCorr Stlth-}
   (You acquired it on level 1 of the Orcish Mines)

   It insulates you from electricity.
   It increases your rate of regeneration.
   It protects you from acid and corrosion.
   It makes you less stealthy.
 Y - the +0 shield of Tempters (worn) {rC+ Regen+ MP+9 Int-5}
   (You took it off Donald on level 1 of the Swamp)

   It affects your intelligence (-5).
   It protects you from cold.
   It affects your magic capacity (+9).
   It increases your rate of regeneration.
Rods
 V - a +1 lightning rod (14/14)
   (You found it on level 5 of the Lair of Beasts)
Jewellery
 t - a ring of positive energy (right hand)
 z - an amulet of regeneration (around neck)
 H - an uncursed ring of protection from cold
 P - the ring of the Mage (left hand) {Wiz MR++ Int+3}
   (You found it in an ice cave)

   [ring of wizardry]

   It improves your spell success rate.
   It affects your intelligence (+3).
   It affects your resistance to hostile enchantments.
Wands
 i - a wand of teleportation (2/9)
 m - a wand of paralysis (18/24)
 L - a wand of disintegration (6/24)
 O - a wand of teleportation (2/9)
 U - a wand of digging (8/24)
Scrolls
 a - 4 scrolls of magic mapping
 d - 7 scrolls of recharging
 f - 12 scrolls of remove curse
 g - 3 scrolls of silence
 p - 2 scrolls of fog
 r - 5 scrolls of amnesia
 y - a scroll of holy word
 C - 13 scrolls of identify
 G - 9 scrolls of enchant armour
 N - 5 scrolls of enchant weapon
 Z - a scroll of teleportation
Potions
 e - a potion of heal wounds
 h - a potion of invisibility
 k - 12 potions of flight
 n - 11 potions of curing
 o - 3 potions of might
 q - 2 potions of cure mutation
 w - a potion of cancellation
 x - 4 potions of brilliance
 D - 3 potions of agility
 I - 5 potions of lignification
 K - 9 potions of ambrosia
 M - 2 potions of resistance
 T - 4 potions of magic
Miscellaneous
 A - a lamp of fire (inert)
 W - a phial of floods (inert)
Comestibles
 b - 30 bread rations
 c - 16 meat rations


   Skills:
 + Level 15.2 Fighting
 + Level 11.9 Throwing
 + Level 14.9 Armour
 - Level 10.7 Dodging
 - Level 2.1 Stealth
 + Level 15.0 Shields
 * Level 20.4 Unarmed Combat
 + Level 11.2 Spellcasting
 + Level 11.2 Translocations
 + Level 8.6 Air Magic
 - Level 10.3 Invocations
 + Level 11.0 Evocations


You had 13 spell levels left.
You knew the following spells:

 Your Spells              Type           Power        Failure   Level  Hunger
a - Apportation           Tloc           ######....   1%          1    None
b - Deflect Missiles      Chrm/Air       ####......   98%         6    #####..
c - Blink                 Tloc           N/A          1%          2    None
d - Shroud of Golubria    Chrm/Tloc      #####.....   1%          2    None
e - Passage of Golubria   Tloc           N/A          1%          4    None
f - Controlled Blink      Tloc           N/A          100%        8    #######
g - Tornado               Air            ######....   100%        9    #######


Dungeon Overview and Level Annotations

Branches:
Dungeon (15/15)            Temple (1/1) D:4            Lair (6/6) D:10
  Swamp (4/4) Lair:3       Spider (4/4) Lair:4        Slime (5/5) Lair:6
    Orc (2/2) D:12            Elf (3/3) Orc:2        Vaults (4/5) D:14
  Crypt (3/3) Vaults:2       Tomb (0/3) Crypt:3      Depths (0/5) D:15

Altars:
Ashenzari
Cheibriados
Dithmenos
Elyvilon
Hepliaklqana
Kikubaaqudgha
Makhleb
Okawaru
Qazlal
Ru
Sif Muna
Trog
Uskayaw
Vehumet
Xom
Yredelemnul
The Shining One
Beogh
Jiyva

Shops:
D:6 =   D:10 (   D:12 }   Orc:1 }   Orc:2 (*((   Elf:2 [   Elf:3 (   Vaults:1 %
Vaults:3 ((}%[

Portals:
Trove: Vaults:1 (show slimy rune of Zot)


Innate Abilities, Weirdness & Mutations

You are resistant to torment.
Your stone body is resilient. (AC +17)
You are immune to poison.
Your large and strong wings let you fly indefinitely.
You resist negative energy. (rN+)
You are resistant to electric shocks. (rElec)
You can survive without breathing.
You are immune to petrification.
You are immune to rotting.
You have a pair of small horns on your head.
You are mostly covered in icy blue scales. (AC +3)
You tend to lose your temper in combat.
Scrolls take you longer to read.
You are very clumsy. (Dex -4)
Armour fits poorly on your strangely shaped body.
Your body often deteriorates upon taking damage.
You are dopey. (Int -2)
You are extremely frail. (-30% HP)
Your magical capacity is very low. (-20% MP)
You regenerate slowly when monsters are visible.
You are occasionally teleported next to monsters.
You are weak. (Str -2)
You evolve.
You expend magic power (3 MP) to strengthen your wands.


Message History

You block the large slime creature's attack.
You block the acid blob's attack.
The slime creature hits you but does no damage.
The acid blob spits acid at you. The splash of acid hits you!
The acid corrodes you!
You are splashed with acid!
The acid burns!
You resist.
* * * LOW HITPOINT WARNING * * *
The slime creature hits you but does no damage.
An eye of devastation comes into view.
Unknown command.
Unknown command.
Unknown command.
You hit the acid blob.
Your hands burn!
* * * LOW HITPOINT WARNING * * *
The acid blob is severely wounded.
The large slime creature hits you!
* * * LOW HITPOINT WARNING * * *
The acid blob spits acid at you. The splash of acid hits you! You resist.
You die...

#...#.....##..##...
#..........#.......
#..................
##.##........^.....
#.#...............
..................
#.................
#.......JJ........
##......J@J.......
#......JJ...#....
.#...............
...........<....
................
.......<........
................
........GG.....


You could see 2 acid blobs, 2 large slime creatures, 2 slime creatures, an eye
of devastation and an eye of draining.

Vanquished Creatures
  Mennas (Vaults:2)
  An ancient lich (Crypt:3)
  Frederick (Vaults:2)
  Nikola (Elf:2)
  A bone dragon (Crypt:3)
  3 deep elf blademasters
  3 tentacled monstrosities
  3 liches
  2 deep elf master archers (Elf:3)
  9 acid blobs
  2 ancient champions (Crypt:2)
  2 tentacled starspawn (WizLab)
  Roxanne (Swamp:2)
  Donald (Swamp:1)
  Kirke (D:13)
  3 thorn hunters (Swamp:4)
  2 azure jellies
  2 revenants (Crypt:2)
  12 vault wardens
  7 deep elf sorcerers (Elf:3)
  2 ghost moths (Spider:4)
  Aizul (Spider:4)
  A balrug (WizLab)
  A draconian shifter (WizLab)
  A frost giant (Vaults:3)
  A ghoul (Crypt:2)
  7 deep elf elementalists
  10 emperor scorpions
  5 war gargoyles
  4 entropy weavers
  17 ironheart preservers
  10 stone giants
  2 very ugly things
  5 deep elf demonologists
  4 vampire knights
  Azrael (D:13)
  5 deep elf annihilators
  2 spark wasps
  Snorg (Orc:2)
  3 eidola
  An ettin (Vaults:4)
  3 crystal guardians (Crypt:3)
  9 deep elf death magi
  7 deep elf high priests (Elf:3)
  9 jiangshi
  Josephine (Spider:1)
  3 great orbs of eyes
  14 yaktaur captains
  A quicksilver dragon skeleton (Crypt:3)
  9 ice dragons
  4 vault guards (D:14)
  4 rakshasas
  17 hydras
  2 peacekeepers (Elf:1)
  7 centaur warriors
  3 ghost crabs
  2 small abominations (Elf:3)
  6 alligators
  30 dancing weapons
  5 death knights
  13 ogre magi
  10 death yaks
  5 vampire magi
  2 deep troll shamans (Vaults:2)
  2 deep troll earth magi
  A tengu warrior (D:15)
  2 thrashing horrors (WizLab)
  8 orc high priests
  Sonja (D:15)
  6 hell knights (Crypt:3)
  A shock serpent (shapeshifter) (Vaults:4)
  33 deep elf knights
  6 shadow wraiths
  A titan skeleton (Crypt:3)
  25 skeletal warriors
  A fire crab (shapeshifter) (Vaults:3)
  A fire crab (Lair:6)
  A golden dragon zombie (Crypt:3)
  18 deep trolls
  A ghost moth zombie (Crypt:3)
  3 swamp dragons
  A spriggan druid (Swamp:3)
  A storm dragon skeleton (Crypt:3)
  3 flayed ghosts
  4 unseen horrors
  An anaconda zombie (Crypt:1)
  3 wizards
  14 ironbrand convokers
  An obsidian statue (WizLab)
  An unseen horror (shapeshifter) (Vaults:2)
  A shadow dragon zombie (Crypt:3)
  5 hill giants
  22 deep elf archers
  An anaconda skeleton (WizLab)
  4 shambling mangroves
  18 orc knights
  A lindwurm (Lair:6)
  5 phantasmal warriors
  16 orb spiders
  71 deep elf magi
  7 necromancers
  5 shining eyes
  A manticore (D:14)
  A shadow dragon skeleton (Crypt:3)
  6 hornets
  38 wolf spiders
  21 ugly things
  2 oklob plants (Spider:2)
  6 cyclopes
  5 orc sorcerers
  3 worldbinders (WizLab)
  A cyclops (shapeshifter) (Elf:2)
  11 elephants
  3 moths of wrath
  A stone giant skeleton (Crypt:3)
  5 centaur zombies
  2 black mambas
  2 ice statues (IceCv)
  5 torpor snails
  13 vault sentinels
  9 gargoyles (D:14)
  13 spiny frogs
  8 freezing wraiths
  5 komodo dragons
  20 demonic crawlers
  A sea snake zombie (Crypt:1)
  A green draconian skeleton (Crypt:2)
  2 efreet (D:14)
  2 kobold demonologists
  4 rime drakes
  39 yaktaurs
  A yaktaur (shapeshifter) (Vaults:1)
  A meliai (shapeshifter) (D:14)
  7 trolls
  41 jumping spiders
  5 polar bears
  A wolf spider simulacrum (D:14)
  5 tyrant leeches
  A slime creature (shapeshifter) (Elf:3)
  A minotaur skeleton (Crypt:3)
  25 two-headed ogres
  An ice dragon zombie (Crypt:3)
  3 dream sheep (Lair:2)
  7 bog bodies
  A raiju (shapeshifter) (Vaults:1)
  22 blink frogs
  A wind drake (WizLab)
  107 slime creatures
  2 fire dragon zombies (Crypt:3)
  10 hippogriffs
  Sigmund (D:3)
  An ettin zombie (Crypt:3)
  A frost giant simulacrum (Vaults:1)
  A satyr skeleton (Crypt:2)
  26 flying skulls
  4 air elementals
  5 shadows
  18 spriggans
  A vampire (D:12)
  81 redbacks
  3 centaur simulacra
  50 yaks
  24 tarantellas
  A tarantella (shapeshifter) (Vaults:2)
  9 wraiths
  3 wyverns
  9 fire elementals
  4 hogs (D:13)
  Eustachio (D:4)
  Grum (D:8)
  3 basilisks
  4 water elementals
  3 hungry ghosts
  A spatial vortex (WizLab)
  5 swamp worm simulacra (Swamp:4)
  A mottled dragon (Vaults:2)
  A merfolk zombie (Crypt:3)
  Edmund (D:4)
  7 vampire mosquitoes
  2 insubstantial wisps (WizLab)
  A warg (shapeshifter) (D:15)
  11 wargs
  A soldier ant (shapeshifter) (Vaults:2)
  25 swamp worms
  23 water moccasins
  15 hydra simulacra (Swamp:4)
  A spiny frog zombie (Crypt:1)
  6 swamp drakes
  4 hell hounds (D:13)
  A sky beast (shapeshifter) (D:15)
  8 porcupines
  A merfolk skeleton (Crypt:2)
  4 black bears
  7 sky beasts
  A black bear (shapeshifter) (Vaults:2)
  32 orc warriors
  2 eyes of draining
  An ettin simulacrum (Vaults:1)
  6 phantoms
  19 wasps
  19 ice beasts
  A snapping turtle zombie (Crypt:3)
  2 necrophages
  37 ogres
  19 boggarts
  A dream sheep skeleton (Crypt:1)
  31 wolves
  30 centaurs
  10 crocodiles
  A blink frog skeleton (Crypt:1)
  An elf zombie (D:6)
  A rime drake skeleton (Crypt:2)
  2 big kobolds
  18 bullfrogs
  A salamander zombie (Crypt:2)
  2 earth elementals
  A wyvern zombie (D:10)
  2 gnoll sergeants
  A hell hound zombie (Crypt:2)
  A wyvern skeleton (D:14)
  A warg zombie (Crypt:2)
  An elf skeleton (D:6)
  6 scorpions
  4 jellies
  A polar bear zombie (Crypt:1)
  15 wights
  15 killer bees
  5 electric eels
  9 crimson imps
  2 bullfrog zombies
  A quasit (D:10)
  6 hounds
  A bullfrog skeleton (D:12)
  37 orc priests
  14 orc wizards
  4 centaur skeletons
  An iron imp (WizLab)
  A human skeleton (D:6)
  10 iguanas
  7 worker ants
  3 bullfrog simulacra (D:13)
  A tengu zombie (Crypt:2)
  3 hound skeletons
  A hound zombie (D:9)
  A worker ant zombie (D:5)
  2 howler monkey zombies (D:9)
  14 adders
  10 gnolls
  27 river rats
  6 shadow imps
  17 white imps
  3 swamp drake simulacra (Swamp:4)
  3 ufetubi
  An ooze (D:3)
  An adder zombie (D:8)
  2 adder skeletons (D:8)
  A lava snake skeleton (Crypt:1)
  17 worms
  3 dart slugs
  7 leopard geckos
  105 orcs
  2 ball pythons
  5 giant cockroaches
  19 goblins
  13 hobgoblins
  8 jackals
  5 quokkas
  15 bats
  2 frilled lizards (D:1)
  19 kobolds
  3 orc zombies (D:6)
  18 rats
  3 briar patches (Swamp:4)
  2 plants (Lair:4)
  4 starspawn tentacles (WizLab)
2185 creatures vanquished.

Vanquished Creatures (collateral kills)
  2 slime creatures
2 creatures vanquished.

Vanquished Creatures (others)
  Jorgrun (Swamp:4)
  An eldritch tentacle (WizLab)
  An alligator (Swamp:3)
  2 deep elf knights (Elf:3)
  A small abomination (Elf:3)
  A spriggan druid (Swamp:4)
  A deep elf archer (Elf:2)
  A blink frog (shapeshifter) (D:14)
  A centaur simulacrum (D:13)
  2 briar patches (Swamp:4)
  2 crawling corpses (Elf:3)
  5 fungi
  2 plants
  4 starspawn tentacles (WizLab)
25 creatures vanquished.

Grand Total: 2212 creatures vanquished

Notes
Turn   | Place    | Note
-------+----------+-------------------------------------------
     0 | D:1      | inmateoo the Gargoyle Monk began the quest for the Orb.
     0 | D:1      | Reached XP level 1. HP: 14/14 MP: 1/1
   341 | D:1      | Reached XP level 2. HP: 19/19 MP: 2/2
   739 | D:1      | Reached skill level 4 in Unarmed Combat
  1062 | D:1      | Reached XP level 3. HP: 23/23 MP: 3/3
  1711 | D:2      | You fall through a shaft for 2 floors!
  1711 | D:4      | Found a staircase to the Ecumenical Temple.
  1716 | Temple   | Entered the Ecumenical Temple
  1762 | Temple   | Became a worshipper of Cheibriados the Contemplative
  1762 | Temple   | Reached * piety under Cheibriados
  1762 | Temple   | Reached ** piety under Cheibriados
  2110 | D:2      | Reached XP level 4. HP: 28/28 MP: 4/4
  2203 | D:2      | Reached skill level 5 in Unarmed Combat
  2690 | D:3      | Reached XP level 5. HP: 25/32 MP: 5/5
  2774 | D:3      | Found a shimmering altar of Xom.
  2801 | D:3      | Reached skill level 6 in Unarmed Combat
  2985 | D:3      | Reached *** piety under Cheibriados
  3031 | D:3      | Noticed Sigmund
  3048 | D:3      | Killed Sigmund
  3048 | D:3      | Reached skill level 7 in Unarmed Combat
  3048 | D:3      | Reached XP level 6. HP: 27/37 MP: 6/6
  3566 | D:4      | Reached XP level 7. HP: 31/41 MP: 7/7
  3704 | D:4      | Noticed Eustachio
  3727 | D:4      | Killed Eustachio
  3727 | D:4      | Reached skill level 8 in Unarmed Combat
  3839 | D:4      | Found a glowing golden altar of the Shining One.
  4004 | D:4      | Noticed Edmund
  4029 | D:4      | Killed Edmund
  4029 | D:4      | Reached skill level 9 in Unarmed Combat
  4031 | D:4      | Reached XP level 8. HP: 46/46 MP: 8/8
  4318 | D:5      | Entered Level 5 of the Dungeon
  4322 | D:5      | Reached **** piety under Cheibriados
  4400 | D:5      | Reached skill level 10 in Unarmed Combat
  4788 | D:5      | Found an ancient bone altar of Kikubaaqudgha.
  4847 | D:5      | Found a hazy altar of Hepliaklqana.
  4847 | D:5      | Found a hide-covered altar of Uskayaw.
  4848 | D:5      | Found a deep blue altar of Sif Muna.
  4848 | D:5      | Found a shadowy altar of Dithmenos.
  4848 | D:5      | Found an iron altar of Okawaru.
  4865 | D:5      | Reached skill level 1 in Shields
  5126 | D:5      | Reached skill level 1 in Armour
  5234 | D:6      | Reached skill level 1 in Invocations
  5269 | D:6      | Reached ***** piety under Cheibriados
  5269 | D:6      | Reached XP level 9. HP: 48/52 MP: 9/9
  5412 | D:6      | Found Foigul's Jewellery Shoppe.
  5420 | D:6      | Bought an uncursed amulet of regeneration for 300 gold pieces
  6018 | D:7      | Found a glowing golden altar of the Shining One.
  6120 | D:7      | Reached skill level 11 in Unarmed Combat
  6149 | D:7      | Reached skill level 5 in Fighting
  6210 | D:7      | Reached XP level 10. HP: 59/59 MP: 12/12
  6613 | D:7      | Found a burning altar of Makhleb.
  6805 | D:8      | Found a shimmering altar of Xom.
  6811 | D:8      | Noticed Grum
  6819 | D:8      | Killed Grum
  7021 | D:8      | Reached ****** piety under Cheibriados
  7076 | D:8      | Reached skill level 5 in Shields
  7076 | D:8      | Reached skill level 5 in Invocations
  7116 | D:8      | Found a shattered altar of Ashenzari.
  7673 | D:9      | Found a sacrificial altar of Ru.
  8114 | D:10     | Entered Level 10 of the Dungeon
  8164 | D:10     | Reached skill level 5 in Dodging
  8212 | D:10     | Found a hazy altar of Hepliaklqana.
  8376 | D:10     | Found a staircase to the Lair.
  8380 | D:10     | Reached skill level 12 in Unarmed Combat
  8380 | D:10     | Reached XP level 11. HP: 65/65 MP: 15/15
  8549 | D:10     | Found Wiwirchuc's Weapon Boutique.
  8975 | D:11     | Reached skill level 5 in Armour
  9100 | D:11     | Found a stormy altar of Qazlal.
  9111 | D:11     | Noticed a hill giant
  9121 | D:11     | Killed a hill giant
  9412 | D:12     | Found a staircase to the Orcish Mines.
  9451 | D:12     | Found a roughly hewn altar of Beogh.
  9644 | D:12     | Found Erphaw's Quality Used Wands.
  9745 | D:12     | Bought a wand of teleportation (0/9) for 156 gold pieces
  9759 | D:12     | Identified a -3 rod of ignition (13/13) (You found it on level 9 of the Dungeon)
 10004 | Lair:1   | Entered Level 1 of the Lair of Beasts
 10130 | Lair:1   | Gained mutation: Your muscles are strong. (Str +2) [potion of mutation]
 10130 | Lair:1   | Gained mutation: Your flesh is cold resistant. (rC+) [potion of mutation]
 10130 | Lair:1   | Gained mutation: You are agile. (Dex +2) [potion of mutation]
 10490 | Lair:1   | Reached skill level 1 in Throwing
 10603 | Lair:1   | Noticed an eight-headed hydra
 10615 | Lair:1   | Killed an eight-headed hydra
 10615 | Lair:1   | Reached XP level 12. HP: 53/72 MP: 17/17
 10948 | Lair:2   | Reached skill level 13 in Unarmed Combat
 10973 | Lair:2   | Found a frozen archway.
 11028 | IceCv    | Entered an ice cave
 11388 | IceCv    | Noticed an ice dragon
 11388 | IceCv    | Noticed an ice dragon
 11395 | IceCv    | Learned a level 1 spell: Apportation
 11402 | IceCv    | Learned a level 6 spell: Deflect Missiles
 11411 | IceCv    | Killed an ice dragon
 11413 | IceCv    | Killed an ice dragon
 11780 | Lair:2   | Noticed a six-headed hydra
 11788 | Lair:2   | Killed a six-headed hydra
 12309 | Lair:3   | Noticed a four-headed hydra
 12408 | Lair:3   | Noticed a five-headed hydra
 12415 | Lair:3   | Killed a five-headed hydra
 12515 | Lair:3   | Found a staircase to the Swamp.
 12537 | Lair:3   | Reached XP level 13. HP: 79/79 MP: 17/19
 13500 | Lair:4   | Reached skill level 14 in Unarmed Combat
 13721 | Lair:4   | Found a hole to the Spider Nest.
 14049 | Lair:5   | Reached skill level 1 in Translocations
 14131 | Lair:5   | Reached skill level 1 in Spellcasting
 14458 | Lair:5   | Reached skill level 1 in Evocations
 14669 | Lair:6   | Entered Level 6 of the Lair of Beasts
 14675 | Lair:6   | Found a staircase to the Slime Pits.
 14717 | Lair:6   | Found a viscous altar of Jiyva.
 14758 | Lair:6   | Gained mutation: Your large and strong wings let you fly indefinitely. [Gargoyle growth]
 14758 | Lair:6   | Reached XP level 14. HP: 33/86 MP: 14/20
 15121 | Lair:6   | Reached skill level 5 in Throwing
 16262 | D:13     | Reached skill level 15 in Unarmed Combat
 16277 | D:13     | Reached skill level 10 in Fighting
 16308 | D:13     | Got a dazzling leather armour
 16319 | D:13     | Identified the +3 leather armour of Quantum Leap {Slay+2} (You found it on level 13 of the Dungeon)
 16772 | D:13     | Noticed Azrael
 16787 | D:13     | Killed Azrael
 16787 | D:13     | Reached XP level 15. HP: 86/92 MP: 21/21
 16873 | D:13     | Noticed Kirke
 16906 | D:13     | Killed Kirke
 17699 | D:14     | Found a gate to the Vaults.
 17876 | D:15     | Entered Level 15 of the Dungeon
 17950 | D:15     | Reached skill level 10 in Shields
 18246 | D:15     | Found a staircase to the Depths.
 18539 | D:15     | Noticed Sonja
 18577 | D:15     | Killed Sonja
 18754 | Orc:1    | Entered Level 1 of the Orcish Mines
 18794 | Orc:1    | Found a roughly hewn altar of Beogh.
 18799 | Orc:1    | Found Dabouxt's Gadget Shoppe.
 18814 | Orc:1    | Found a flagged portal.
 18823 | Bailey   | Entered a bailey
 18866 | Bailey   | Found an iron altar of Okawaru.
 18871 | Bailey   | Reached skill level 5 in Spellcasting
 18871 | Bailey   | Reached XP level 16. HP: 93/99 MP: 23/23
 19126 | Bailey   | Reached skill level 10 in Armour
 19245 | Orc:1    | Got a faintly humming hat
 19256 | Orc:1    | Identified the +1 hat of the Scribe {rElec Regen+ rCorr Stlth-} (You acquired it on level 1 of the Orcish Mines)
 19310 | Orc:1    | Bought a phial of floods for 520 gold pieces
 19710 | Orc:2    | Entered Level 2 of the Orcish Mines
 19816 | Orc:2    | Found a roughly hewn altar of Beogh.
 19838 | Orc:2    | Reached skill level 5 in Evocations
 19965 | Orc:2    | Found a staircase to the Elven Halls.
 20036 | Orc:2    | Found Egaomaloss's Weapon Emporium.
 20064 | Orc:2    | Found Veaq's Antique Weapon Boutique.
 20154 | Orc:2    | Found a roughly hewn altar of Beogh.
 20187 | Orc:2    | Found Qikhagu's Assorted Antiques.
 20187 | Orc:2    | Found Wuomup Mung's Antique Weapon Boutique.
 20206 | Orc:2    | Bought a scroll labeled LADAIL NOROIT for 32 gold pieces
 20209 | Orc:2    | Bought a brightly glowing plate armour for 896 gold pieces
 20219 | Orc:2    | Identified the cursed +1 plate armour "Vilitz" {*Slow rF+++ Regen+ SInv} (You bought it in a shop on level 2 of the Orcish Mines)
 20533 | Orc:2    | Noticed Snorg
 20557 | Orc:2    | Killed Snorg
 20757 | Elf:1    | Entered Level 1 of the Elven Halls
 20775 | Elf:1    | Reached skill level 16 in Unarmed Combat
 20775 | Elf:1    | Reached skill level 5 in Translocations
 20912 | Elf:1    | Found a magical portal.
 20921 | WizLab   | Entered The Roulette of Golubria
 20923 | WizLab   | Found a corrupted altar of Lugonu.
 20940 | WizLab   | Found a corrupted altar of Lugonu.
 20973 | WizLab   | Noticed a tentacled starspawn
 20988 | WizLab   | Killed a tentacled starspawn
 21158 | WizLab   | Found a corrupted altar of Lugonu.
 21220 | WizLab   | Noticed an eldritch tentacle
 21228 | WizLab   | Noticed a tentacled starspawn
 21239 | WizLab   | Killed a tentacled starspawn
 21394 | WizLab   | Killed an eldritch tentacle
 21426 | WizLab   | Got a distressingly furry cloak
 21437 | WizLab   | Identified the +2 cloak of the Realm of Zot {rPois rF+ Int+3} (You found it in a wizard's laboratory)
 21450 | WizLab   | Got a heavily runed cloak
 21456 | WizLab   | Identified the +2 cloak of the Sun {rElec rC+ Regen+ Dex+4} (You found it in a wizard's laboratory)
 21462 | WizLab   | Identified the Tome of Dislocation
 21467 | WizLab   | Learned a level 2 spell: Blink
 21469 | WizLab   | Identified Golubria's Disquisition on Dislocation
 21474 | WizLab   | Learned a level 2 spell: Shroud of Golubria
 21479 | WizLab   | Learned a level 4 spell: Passage of Golubria
 21988 | Elf:1    | Reached XP level 17. HP: 104/104 MP: 26/26
 22805 | Swamp:1  | Entered Level 1 of the Swamp
 22853 | Swamp:1  | Noticed Donald
 22864 | Swamp:1  | Killed Donald
 22866 | Swamp:1  | Got a faintly glowing shield
 22879 | Swamp:1  | Identified the +0 shield of Tempters {rC+ Regen+ MP+9 Int-5} (You took it off Donald on level 1 of the Swamp)
 23134 | Swamp:1  | Learned a level 8 spell: Controlled Blink
 23672 | Swamp:2  | Reached skill level 1 in Air Magic
 24021 | Swamp:2  | Noticed Roxanne
 24042 | Swamp:2  | Killed Roxanne
 24951 | Swamp:4  | Entered Level 4 of the Swamp
 25018 | Swamp:4  | Noticed a tentacled monstrosity
 25033 | Swamp:4  | Killed a tentacled monstrosity
 25033 | Swamp:4  | Reached skill level 17 in Unarmed Combat
 25033 | Swamp:4  | Reached XP level 18. HP: 91/112 MP: 28/28
 25093 | Swamp:4  | Noticed Jorgrun
 25203 | Swamp:4  | Killed Jorgrun
 25607 | Swamp:4  | Got a decaying rune of Zot
 25784 | Spider:1 | Entered Level 1 of the Spider Nest
 25913 | Spider:1 | Noticed Josephine
 25926 | Spider:1 | Killed Josephine
 26982 | Spider:2 | Reached skill level 10 in Dodging
 27566 | Spider:3 | Reached XP level 19. HP: 117/117 MP: 30/30
 28401 | Spider:4 | Entered Level 4 of the Spider Nest
 28454 | Spider:4 | Noticed Aizul
 28465 | Spider:4 | Killed Aizul
 29276 | Spider:4 | Got a gossamer rune of Zot
 29807 | Vaults:1 | Entered Level 1 of the Vaults
 29928 | Vaults:1 | Gained mutation: You are frail. (-10% HP) [a neqoxec]
 29931 | Vaults:1 | Gained mutation: Your magical capacity is low. (-10% MP) [a neqoxec]
 29966 | Vaults:1 | Found Bov Farghydgh's Food Shop.
 29977 | Vaults:1 | Found a portal to a secret trove of treasure.
 30084 | Vaults:1 | Learned a level 9 spell: Tornado
 30093 | Vaults:1 | Got a dazzling crystal plate armour
 30094 | Vaults:1 | Identified the +18 crystal plate armour of Ecurunil {+Inv rN+} (You acquired it on level 1 of the Vaults)
 30342 | Vaults:1 | Noticed a tentacled monstrosity
 30355 | Vaults:1 | Killed a tentacled monstrosity
 30378 | Vaults:1 | Reached skill level 18 in Unarmed Combat
 30386 | Vaults:1 | Reached XP level 20. HP: 104/111 MP: 29/29
 30545 | Vaults:1 | Gained mutation: You possess an exceptional clarity of mind. [mutagenic meat]
 30548 | Vaults:1 | Lost mutation: You are agile. (Dex +2) [mutagenic meat]
 30551 | Vaults:1 | Lost mutation: Your muscles are strong. (Str +2) [mutagenic meat]
 30557 | Vaults:1 | Gained mutation: You have supernaturally acute eyesight. (SInv) [mutagenic meat]
 30563 | Vaults:1 | Gained mutation: You are very frail. (-20% HP) [mutagenic meat]
 30566 | Vaults:1 | Gained mutation: You are resistant to hostile enchantments. (MR+) [mutagenic meat]
 30572 | Vaults:1 | Gained mutation: Your muscles are strong. (Str +2) [mutagenic meat]
 30575 | Vaults:1 | Lost mutation: Your muscles are strong. (Str +2) [mutagenic meat]
 30581 | Vaults:1 | Gained mutation: You are extremely frail. (-30% HP) [mutagenic meat]
 30748 | Vaults:1 | Lost mutation: Your flesh is cold resistant. (rC+) [potion of cure mutation]
 30748 | Vaults:1 | Lost mutation: Your magical capacity is low. (-10% MP) [potion of cure mutation]
 30749 | Vaults:1 | Lost mutation: You are extremely frail. (-30% HP) [potion of cure mutation]
 30749 | Vaults:1 | Lost mutation: You possess an exceptional clarity of mind. [potion of cure mutation]
 30749 | Vaults:1 | Lost mutation: You are very frail. (-20% HP) [potion of cure mutation]
 30749 | Vaults:1 | Lost mutation: You are resistant to hostile enchantments. (MR+) [potion of cure mutation]
 30749 | Vaults:1 | Lost mutation: You are frail. (-10% HP) [potion of cure mutation]
 30969 | Vaults:1 | Reached skill level 5 in Air Magic
 31383 | Vaults:2 | Noticed Frederick
 31410 | Vaults:2 | Killed Frederick
 31622 | Vaults:2 | Noticed Mennas
 31717 | Vaults:2 | Killed Mennas
 32013 | Vaults:2 | Found a staircase to the Crypt.
 32013 | Vaults:2 | Found a basalt altar of Yredelemnul.
 32014 | Vaults:2 | Found an ancient bone altar of Kikubaaqudgha.
 32809 | Vaults:2 | Reached XP level 21. HP: 130/130 MP: 33/33
 32916 | Vaults:3 | Found Nasun's Weapon Boutique.
 32938 | Vaults:3 | Reached skill level 10 in Throwing
 33424 | Vaults:3 | Found Vyckynk Kaor's Antique Weapon Shoppe.
 33440 | Vaults:3 | Found Icucven's Gadget Emporium.
 33473 | Vaults:3 | Found Plog's Antique Armour Emporium.
 33734 | Vaults:3 | Gained mutation: Your body sometimes deteriorates upon taking damage. [mutagenic meat]
 33737 | Vaults:3 | Gained mutation: You are occasionally teleported next to monsters. [mutagenic meat]
 33740 | Vaults:3 | Gained mutation: You are frail. (-10% HP) [mutagenic meat]
 33743 | Vaults:3 | Lost mutation: You have supernaturally acute eyesight. (SInv) [mutagenic meat]
 33746 | Vaults:3 | Gained mutation: You have a pair of small horns on your head. [mutagenic meat]
 33749 | Vaults:3 | Gained mutation: You are dopey. (Int -2) [mutagenic meat]
 33752 | Vaults:3 | Gained mutation: You are partially covered in icy blue scales. (AC +2) [mutagenic meat]
 33755 | Vaults:3 | Lost mutation: You are frail. (-10% HP) [mutagenic meat]
 33758 | Vaults:3 | Gained mutation: You have a pair of horns on your head. [mutagenic meat]
 33764 | Vaults:3 | Gained mutation: You are mostly covered in icy blue scales. (AC +3) [mutagenic meat]
 33770 | Vaults:3 | Gained mutation: You evolve. [mutagenic meat]
 33773 | Vaults:3 | Lost mutation: You have a pair of horns on your head. [mutagenic meat]
 33988 | Vaults:3 | Found Casmumit's Food Boutique.
 34182 | Vaults:3 | Gained mutation: You expend magic power (3 MP) to strengthen your wands. [mutagenic meat]
 34185 | Vaults:3 | Gained mutation: You tend to lose your temper in combat. [mutagenic meat]
 34630 | Vaults:4 | Reached skill level 10 in Invocations
 35601 | Vaults:4 | Reached XP level 22. HP: 136/136 MP: 35/35
 35736 | Vaults:4 | Reached skill level 19 in Unarmed Combat
 35904 | Crypt:1  | Entered Level 1 of the Crypt
 36493 | Crypt:2  | Reached skill level 10 in Spellcasting
 36608 | Crypt:2  | Reached skill level 10 in Translocations
 36857 | Crypt:3  | Entered Level 3 of the Crypt
 36942 | Crypt:3  | Reached skill level 10 in Evocations
 37269 | Crypt:3  | Found a staircase to the Tomb.
 37342 | Crypt:3  | Found a basalt altar of Yredelemnul.
 37342 | Crypt:3  | Noticed an ancient lich
 37349 | Crypt:3  | Gained mutation: Armour fits poorly on your strangely shaped body. [a cacodemon]
 37363 | Crypt:3  | Gained mutation: Your magical capacity is low. (-10% MP) [a cacodemon]
 37364 | Crypt:3  | Killed an ancient lich
 37526 | Crypt:3  | Reached XP level 23. HP: 143/143 MP: 33/33
 38304 | Elf:2    | Noticed Nikola
 38331 | Elf:2    | Killed Nikola
 38450 | Elf:2    | Found Jolisesa's Antique Armour Emporium.
 38457 | Elf:2    | Bought a scorched chain mail for 247 gold pieces
 38457 | Elf:2    | Identified the +2 chain mail of New Discoveries {*Drain rC++ Slay+2} (You bought it in a shop on level 2 of the Elven Halls)
 38617 | Elf:2    | Found a runed gate.
 38617 | Elf:2    | Found a runed gate.
 38617 | Elf:2    | Found a runed gate.
 38652 | Elf:3    | Entered Level 3 of the Elven Halls
 38807 | Elf:3    | Found Kewyleimn's Antique Weapon Shop.
 39105 | Elf:2    | Reached skill level 20 in Unarmed Combat
 39606 | Elf:3    | Got a scintillating tin ring
 39680 | Elf:3    | Reached XP level 24. HP: 149/149 MP: 34/34
 39808 | Elf:3    | Reached skill level 15 in Fighting
 39828 | Elf:3    | Gained mutation: You are clumsy. (Dex -2) [a neqoxec]
 39834 | Elf:3    | Gained mutation: Your body often deteriorates upon taking damage. [a neqoxec]
 40067 | Elf:3    | Got a brightly glowing plate armour
 40068 | Elf:3    | Identified the ring "Xeishugg" {AC+2 Dex+5} (You took it off a deep elf death mage on level 3 of the Elven Halls)
 40073 | Elf:3    | Identified the +1 plate armour "Jazanam" {Int+3} (You acquired it on level 3 of the Elven Halls)
 40522 | Slime:1  | Entered Level 1 of the Pits of Slime
 40593 | Slime:1  | Gained mutation: You are frail. (-10% HP) [a shining eye]
 40597 | Slime:1  | Gained mutation: You are very frail. (-20% HP) [a shining eye]
 40598 | Slime:1  | Gained mutation: You are very clumsy. (Dex -4) [a shining eye]
 40603 | Slime:1  | Gained mutation: You are weak. (Str -2) [a shining eye]
 40616 | Slime:1  | Gained mutation: Your magical capacity is very low. (-20% MP) [a shining eye]
 40689 | Slime:2  | Gained mutation: Scrolls take you a little longer to read. [a shining eye]
 40814 | Slime:3  | Reached skill level 15 in Shields
 40821 | Slime:2  | Gained mutation: Scrolls take you longer to read. [a shining eye]
 40822 | Slime:2  | Gained mutation: You are extremely frail. (-30% HP) [a shining eye]
 40846 | Slime:3  | Gained mutation: You regenerate slowly when monsters are visible. [a shining eye]
 41002 | Slime:5  | Entered Level 5 of the Pits of Slime
 41029 | Slime:4  | HP: 1/105 [large slime creature (14)]
 41029 | Slime:4  | Killed from afar by an acid blob

Vault maps used:
D:1:      minmay_arrival_diagonal_passages, serial_co_window_serial,
          co_window_of_opportunity_a, co_window_corner_a,
          co_window_of_opportunity_a, co_window_paths_a,
          co_window_of_opportunity_a, co_window_of_opportunity_b,
          co_window_2corner, co_window_paths_c, co_window_broadway_b,
          co_window_corner_b, co_window_corner_b, glass_columns_b,
          glass_columns_c, glass_columns_c, glass_columns_b, st_stairs_11
D:2:      kennysheep_big_flooded_room
D:3:      kennysheep_six_static_rooms, led_xom_imps, minmay_parallelograms,
          uniq_sigmund
D:4:      kennysheep_mini_moat, first_bread, uniq_eustachio, uniq_edmund
D:5:      kennysheep_mini, grunt_temple_overflow_open, hangedman_decor_slide_cut
D:6:      nicolae_ossuary_entry_catacombs, serial_shops, nicolae_shop_stone
D:7:      makhleb_blood_cavern_becter, basic_altar, the_bakery
D:8:      ashenzari_altar_1, basic_altar, uniq_grum
D:9:      lemuel_doored_altar
D:10:     grunt_lair_entry_orc_guard_hut, serial_shops, kennysheep_little_box,
          lemuel_tele_altar
D:11:     nicolae_qazlal_general_emergency
D:12:     minmay_orc_entry_temple_small, nicolae_for_you_no_charge
D:13:     serial_ice, serial_ice_j, serial_ice_d, serial_ice_c, serial_ice_n,
          serial_ice_f, uniq_kirke, uniq_azrael
D:14:     gargoyle_guard, lightli_vaults_fourway_checkpoint, kennysheep_doodads,
          serial_ice, serial_ice_k, serial_ice_e, serial_ice_h, serial_ice_b,
          kennysheep_inner_square
D:15:     hangedman_depths_entry_civil_slaughter, minmay_misc_feat_encased,
          uniq_sonja
Temple:   dpeg_chambers_temple
Lair:1:   nicolae_lair_grove_arrangements, grunt_megastairs_2
Lair:2:   portal_ice_cave_entry_imps, beast_lair_carwin_11
Lair:3:   swamp_mist_pool, lemuel_old_faithful, grunt_megastairs_5
Lair:4:   spider_nest_entry_webs, serial_bayou_ford_a, worms_lemuel
Lair:6:   minmay_lair_end_enchanted_forest, slime_altar_1, lemuel_fruit_tree,
          grunt_megastairs_1
Swamp:1:  serial_swamp_ruin, evilmike_swamp_ruin_rubble_2,
          evilmike_swamp_ruin_house_3, hangedman_swamp_ruin_wall, uniq_donald
Swamp:2:  nicolae_swamp_very_dense_foliage, uniq_roxanne
Swamp:3:  evilmike_swamp_ruin_rubble_1
Swamp:4:  swamp_icy, swamp_pool1, uniq_jorgrun
Spider:1: uniq_josephine
Spider:2: spider_temple_joshua
Spider:4: guppyfry_spider_rune, uniq_aizul
Slime:1:  basic_altar, cheibrodos_slime_lost_civilization_5
Slime:2:  basic_altar
Slime:3:  nicolae_slime_welcoming_committee
Orc:1:    basic_altar, serial_shops, shop_statue, enter_bailey_2
Orc:2:    st_orc_town, kennysheep_orc_chapel, uniq_snorg
Elf:1:    portal_desolation_entry_twin_temple, mu_enter_wizlab_6,
          hangedman_corner_corridor
Elf:2:    serial_shops, nicolae_shop_statue_plus, uniq_nikola
Elf:3:    minmay_elf_hall_hex, serial_shops, nicolae_shop_waterfront
Vaults:1: vaults_dpeg_diagonal, v_misc_32, ontoclasm_vaults_spin,
          ontoclasm_vaults_twist, nicolae_vaults_little_ls, v_misc_13,
          v_rooms_4, vaults_room_fancy_cross, nicolae_vaults_ring_of_whatevers,
          ontoclasm_vaults_loading_screen, vaults_room_semicircle,
          enter_trove_2, serial_shops, shop
Vaults:2: hangedman_vaults_stagger, minmay_crypt_entry_necro_gods,
          hangedman_vaults_pinch, v_alt_pattern_5, ontoclasm_vaults_eye,
          ontoclasm_vaults_ligature, ontoclasm_vaults_chip,
          nicolae_vaults_network_s, vaults_mumra_bighexcomb, v_misc_15,
          nicolae_vaults_little_squares_6, vaults_room_stairs_pillars,
          uniq_frederick, uniq_mennas
Vaults:3: vaults_room_hallway, hangedman_vaults_snaps,
          nicolae_vaults_border_crossing, ontoclasm_vaults_claustrophobia,
          nicolae_vaults_c_with_doors, vaults_dpeg_hooks,
          nicolae_vaults_rhombus_7, nicolae_vaults_ninety_degrees,
          nicolae_vaults_windows_and_doors_thing, v_rooms_1,
          hangedman_vaults_stitches, ontoclasm_vaults_loading_screen,
          nicolae_vaults_gold_heap, hangedman_vaults_impose,
          ontoclasm_vaults_ring_small, serial_shops, shop, shop, shop_fountains,
          shop, shop_statue
Vaults:4: nicolae_vaults_network_barrier, nicolae_vaults_disjoint_gnomons,
          v_alt_pattern_3, nicolae_vaults_puzzle_piece,
          nicolae_vaults_yaktaur_gun_rack, v_pattern_1,
          nicolae_vaults_inception_corners, nicolae_vaults_an_arrangement,
          v_misc_23, grunt_vaults_hallway_long, vaults_room_stairs_pillars,
          grunt_vaults_hallway_short, nicolae_vaults_theta
Crypt:1:  grunt_crypt_arrival_webbed
Crypt:2:  st_stairs_1
Crypt:3:  cryptofortress_bobbens
Bailey:   bailey_axe_of_yendor_kennysheep, bailey
IceCv:    ice_cave_small_dragons
WizLab:   wizlab_golubria

Skill      XL: |  1  2  3  4  5  6  7  8  9 10 11 12 13 14 15 16 17 18 19 20 21 22 23 24 |
---------------+-------------------------------------------------------------------------+-----
Unarmed Combat | 4 5 7 9 10 11 12 13 14 15 16 17 18 19 20 | 20.4
Shields        | 1 3 5 6 7 8 9 10 11 12 13 14 15 | 15.0
Armour         | 1 3 4 5 7 8 9 10 11 12 13 14 | 14.9
Dodging        | 3 4 5 6 7 8 9 10 | 10.7
Invocations    | 1 3 5 6 8 9 10 | 10.3
Fighting       | 4 5 6 7 8 9 10 11 12 13 14 15 | 15.2
Throwing       | 1 3 4 5 6 7 8 9 10 11 | 11.9
Translocations | 1 3 4 5 6 7 8 9 10 11 | 11.2
Spellcasting   | 2 3 5 6 7 8 9 10 11 | 11.2
Evocations     | 1 3 4 6 7 8 9 10 11 | 11.0
Air Magic      | 2 3 4 5 6 7 8 |  8.6
Stealth        | |  2.1

Action                   |  1- 3 |  4- 6 |  7- 9 | 10-12 | 13-15 | 16-18 | 19-21 | 22-24 || total
-------------------------+-------+-------+-------+-------+-------+-------+-------+-------++-------
Melee: Unarmed           |   173 |   139 |   360 |   942 |  1146 |  2016 |  1971 |  1726 ||  8473
       Punch             |     1 |       |       |       |       |       |       |       ||     1
       Staff             |       |       |       |       |       |     4 |       |       ||     4
       Headbutt          |       |       |       |       |       |       |   147 |   689 ||   836
 Fire: Blowgun           |       |       |       |       |    10 |       |       |       ||    10
 Cast: Apportation       |       |       |       |       |     4 |       |       |       ||     4
       Passage of Golubr |       |       |       |       |       |     1 |       |     1 ||     2
       Blink             |       |       |       |       |       |       |     1 |     5 ||     6
Invok: Slouch            |       |       |       |     6 |    16 |     2 |     7 |     9 ||    40
 Abil: Stop Flying       |       |       |       |       |       |       |     1 |       ||     1
Evoke: Rod               |       |       |       |       |     3 |    12 |    12 |       ||    27
       Wand              |       |       |       |       |     8 |     4 |       |     6 ||    18
       Lamp of fire      |       |       |       |       |       |       |       |     3 ||     3
       Phial of floods   |       |       |       |       |       |       |       |     2 ||     2
       Box of beasts     |       |       |       |       |       |       |       |     1 ||     1
  Use: Scroll            |     2 |    11 |     5 |    14 |    11 |    19 |     5 |    19 ||    86
       Potion            |       |       |       |     6 |     5 |     1 |     7 |     3 ||    22
 Stab: Sleeping          |     6 |     2 |    10 |    13 |     8 |       |       |       ||    39
       Distracted        |       |       |       |     1 |     5 |       |       |       ||     6
       Paralysed         |       |       |       |       |     2 |     3 |       |       ||     5
  Eat: Chunk             |     3 |     2 |     8 |    12 |    15 |    12 |    31 |       ||    83
       Fruit             |       |       |     1 |       |       |       |    17 |    11 ||    29
       Pizza             |       |       |       |     1 |     2 |     3 |       |       ||     6
       Beef jerky        |       |       |       |       |       |     2 |     2 |     3 ||     7
       Royal jelly       |       |       |       |       |       |     1 |     1 |     1 ||     3
       Meat ration       |       |       |       |       |       |       |       |     3 ||     3
Armor: Robe              |    14 |       |       |       |       |       |       |       ||    14
       Troll hide        |    37 |    28 |       |       |       |       |       |       ||    65
       Troll leather arm |       |     6 |   119 |   296 |   324 |    22 |       |       ||   767
       Skin              |       |       |       |       |    25 |       |       |       ||    25
       Plate armour      |       |       |       |       |       |   870 |   773 |   767 ||  2410
Dodge: Dodged            |    67 |    40 |   112 |   623 |   729 |  1341 |  1138 |   857 ||  4907
Block: Shield            |    42 |    49 |   169 |   753 |   936 |  1849 |  1655 |  1408 ||  6861
